 Dungeon Crawl Stone Soup version 0.28.0-43-g3370ac3207 (webtiles) character file.

Game seed: 10373315011668593721

1237 zeratav the Insei (level 8, -1/50 HPs)
             Began as an Octopode Transmuter on Apr 1, 2022.
             Slain by a bog mummy (8 damage)
             ... in an ossuary.
             The game lasted 00:22:41 (6434 turns).

zeratav the Insei (Octopode Transmuter)             Turns: 6434, Time: 00:22:42

Health: -1/50      AC:  3    Str: 15    XL:     8   Next: 49%
Magic:  21/21      EV: 14    Int: 17    God:
Gold:   223        SH:  5    Dex: 13    Spells: 5/13 levels left

rFire   . . .      SeeInvis .     - Unarmed
rCold   . . .      Faith    .   (no shield)
rNeg    . . .      Spirit   .   a - +2 hat
rPois   +          Reflect  +   o - amulet of reflection
rElec   .          Harm     .   j - ring of poison resistance
rCorr   .          Rampage  .   k - +6 ring of strength
Will    .....                   p - ring of magical power
Stlth   ++........              (no ring)
HPRegen 0.16/turn               (no ring)
MPRegen 0.17/turn               (no ring)
                                (no ring)
                                (no ring)

@: slowed, very slow
A: almost no armour, amphibious, 8 rings, camouflage 1, gelatinous body 1,
(nimble swimmer 1), tentacles
a: no special abilities


You were in an ossuary.
You visited 1 branch of the dungeon, and saw 5 of its levels.
You also visited: Ossuary.

You collected 223 gold pieces.

Inventory:

Missiles
 i - 9 javelins (quivered)
Armour
 a - a +2 hat (worn)
Jewellery
 j - a ring of poison resistance (left tentacle)
 k - a +6 ring of strength (right tentacle)
 o - an amulet of reflection (around mantle)
 p - a ring of magical power (on tentacle)
Wands
 f - a wand of polymorph (9)
Scrolls
 b - 5 scrolls of teleportation
 q - a scroll of immolation
 r - 2 scrolls of vulnerability {unknown}
Potions
 c - a potion of resistance {unknown}
 d - 3 potions of magic
 e - a potion of cancellation {unknown}
 g - a potion of lignification {unknown}
 h - a potion of brilliance {unknown}
 l - a potion of degeneration {unknown}
 m - 2 potions of flight
 n - a potion of curing


   Skills:
 + Level 1.9 Fighting
 + Level 3.4 Dodging
 + Level 1.3 Shields
 + Level 6.7 Unarmed Combat
 + Level 3.3 Spellcasting
 + Level 3.4 Transmutations
 * Level 2.6 Ice Magic
 * Level 5.2 Poison Magic


You had 5 spell levels left.
You knew the following spells:

 Your Spells              Type           Power      Damage    Failure   Level
a - Beastly Appendage     Tmut           28%        N/A       4%          1
b - Spider Form           Tmut/Pois      17%        N/A       9%          3
c - Ice Form              Ice/Tmut       13%        N/A       43%         4

Your spell library contained the following spells:

 Spells                   Type           Power      Damage    Failure   Level
 Wereblood                Tmut           14%        N/A       6%          2
 Poisonous Vapours        Pois/Air       22%        N/A       9%          2
 Animate Skeleton         Necr           4%         N/A       17%         1
 Apportation              Tloc           4%         N/A       17%         1
 Summon Small Mammal      Summ           8%         N/A       17%         1
 Corpse Rot               Necr/Air       4%         N/A       26%         2
 Sublimation of Blood     Necr           2%         N/A       26%         2
 Stone Arrow              Conj/Erth      4%         3d7       45%         3
 Fulminant Prism          Conj/Hex       1%         3d6       86%         4
 Iskenderun's Mystic Bla  Conj/Tloc      2%         2d3       86%         4
 Lee's Rapid Deconstruct  Erth           1%         3d5*      99%         5
 Summon Hydra             Summ           1%         N/A       100%        7
 Lehudib's Crystal Spear  Conj/Erth      1%         10d2      100%        8
 Animate Armour           Summ/Erth      Unusable   N/A       N/A         4

Dungeon Overview and Level Annotations

Branches:
Dungeon (5/15)            Ossuary (1/1)
 Temple: D:4-7

Altars:

Shops:
D:1 [   D:3 :   D:4 *


Innate Abilities, Weirdness & Mutations

You cannot wear most types of armour.
You are amphibious.
You can wear up to eight rings at the same time.
Your skin changes colour to match your surroundings (Stealth+).
Your rubbery body absorbs attacks. (AC +1, EV +1)
((You are camouflaged when in or above water. (Stealth+)))
You have tentacles for arms and can constrict up to eight enemies at once.


Message History

The hornet zombie closely misses you.
You hit the hornet zombie.
The hornet zombie is severely damaged.
The hornet zombie misses you. The bog mummy completely misses you.
You hit the hornet zombie.
The hornet zombie is almost destroyed.
The hornet zombie misses you. x2
The bog mummy gestures at you while chanting.
You feel as though you will be slow longer.
You barely miss the hornet zombie.
The hornet zombie is almost destroyed.
Your transformation is almost over.
The hornet zombie completely misses you.
You hit the hornet zombie.
The hornet zombie is almost destroyed.
The hornet zombie hits you.
* * * LOW HITPOINT WARNING * * *
The bog mummy completely misses you. You block the hornet zombie's attack.
You bite the hornet zombie!
You destroy the hornet zombie!
The bog mummy gestures at you while chanting.
You feel as though you will be slow longer.
You hit the bog mummy.
The bog mummy is moderately damaged.
You block the bog mummy's attack.
You barely miss the bog mummy.
The bog mummy is moderately damaged.
The bog mummy points at you and mumbles some strange words.
The puff of frost hits you!
* * * LOW HITPOINT WARNING * * *
You feel better.
The bog mummy gestures at you while chanting.
The puff of frost misses you.
You bite the bog mummy!
The bog mummy is severely damaged.
You bite the bog mummy!
The bog mummy is almost destroyed.
Your transformation has ended.
Your +2 hat unmelds from your body.
The bog mummy hits you!
You die...

#.'.#..∩#
###.#####'#
#......M...
###≈≈M#####'#
#≈#.≈≈#
#≈#≈#≈#
#≈M.≈≈#
##≈##≈##'##
#≈≈@M.≈≈≈≈≈
#≈≈≈≈.#'#'#
##≈##.≈.≈.
≈≈# ##≈≈#≈
#≈≈≈ ≈# ##≈#
≈# ≈≈# # ###


You could see a mummy and a bog mummy.

Vanquished Creatures
  A hornet zombie (Ossuary)
  2 water moccasin zombies (Ossuary)
  2 elf skeletons (D:5)
  2 scorpions (D:4)
  3 bullfrog zombies (Ossuary)
  4 centaur zombies (Ossuary)
  2 jellies
  2 human skeletons (D:5)
  Natasha (thrice) (D:3)
  3 killer bee zombies (Ossuary)
  9 mummies (Ossuary)
  2 howler monkey zombies (Ossuary)
  6 adders
  A worm (D:3)
  5 dart slugs
  12 orcs
  5 ball pythons
  5 bats
  10 endoplasms
  2 giant cockroaches
  8 goblins
  8 hobgoblins
  4 jackals (D:3)
  3 quokkas
  7 kobolds
  An orc skeleton (D:5)
  10 rats
122 creatures vanquished.

Vanquished Creatures (others)
  A plant (D:1)
  6 withered plants (Ossuary)
7 creatures vanquished.

Grand Total: 129 creatures vanquished

Notes
Turn   | Place    | Note
-------+----------+-------------------------------------------
     0 | D:1      | zeratav the Octopode Transmuter began the quest for the
                  | Orb.
     0 | D:1      | Reached XP level 1. HP: 13/13 MP: 3/3
    62 | D:1      | Reached XP level 2. HP: 11/18 MP: 5/5
   848 | D:1      | Reached skill level 1 in Poison Magic
  1374 | D:1      | Found Mateutei's Antique Armour Shoppe.
  1394 | D:1      | Reached XP level 3. HP: 22/23 MP: 6/6
  1878 | D:2      | Learned a level 3 spell: Spider Form
  1885 | D:2      | Identified the +9 hand axe of Shrieking Terror {protect,
                  | Drain rPois Str+4}
  2195 | D:2      | Reached XP level 4. HP: 23/28 MP: 5/7
  2566 | D:2      | Found a faded altar of an unknown god.
  2903 | D:3      | Found Voabb's Book Emporium.
  3000 | D:3      | Noticed Natasha
  3243 | D:3      | Killed Natasha
  3398 | D:3      | Noticed Natasha
  3403 | D:3      | Killed Natasha
  3404 | D:3      | Reached skill level 4 in Unarmed Combat
  3404 | D:3      | Reached XP level 5. HP: 31/33 MP: 8/8
  3913 | D:3      | Noticed Natasha
  3919 | D:3      | Killed Natasha
  4444 | D:4      | Reached XP level 6. HP: 38/38 MP: 6/10
  5096 | D:4      | Learned a level 4 spell: Ice Form
  5144 | D:4      | Found Taoguac's Serpentskin Sales.
  5384 | D:5      | Entered Level 5 of the Dungeon
  5647 | D:5      | Reached skill level 1 in Ice Magic
  5647 | D:5      | Reached XP level 7. HP: 36/44 MP: 11/11
  5658 | D:5      | Reached skill level 5 in Unarmed Combat
  5659 | D:5      | Found a sand-covered staircase.
  5896 | Ossuary  | Entered an ossuary
  6052 | Ossuary  | Reached skill level 6 in Unarmed Combat
  6056 | Ossuary  | Reached XP level 8. HP: 30/49 MP: 12/12
  6244 | Ossuary  | Reached skill level 1 in Shields
  6251 | Ossuary  | Reached skill level 5 in Poison Magic
  6431 | Ossuary  | HP: 1/50 [bog mummy/puff of frost (9)]
  6434 | Ossuary  | Slain by a bog mummy

Illustrated notes

Levels and vault maps discovered:
D:1:      minmay_arrival_plants_in_alcoves, layout_rooms, serial_shops,
          nicolae_diamond_shop
D:2:      minmay_inner_zag, layout_loops_ring, shapermc_ecumenical_altar_venn
D:3:      minmay_chambers_of_twos, layout_basic, serial_shops, shop_statue,
          uniq_natasha
D:4:      layout_gridville, minivault_23, guppyfry_shop_venom
D:5:      layout_loops_ring, minmay_temple_entry_tees,
          nicolae_ossuary_entry_catacombs, nicolae_shop_firing_range
Ossuary:  ossuary_zaba_flooded

Skill      XL: |  1  2  3  4  5  6  7  8 |
---------------+-------------------------+-----
Poison Magic   | 1 2 3 4 5 |  5.2
Unarmed Combat | 4 6 |  6.7
Transmutations | 3 |  3.4
Ice Magic      | 1 2 |  2.6
Dodging        | 3 |  3.4
Spellcasting   | 3 |  3.3
Shields        | 1 |  1.3
Fighting       | |  1.9

Action                   |  1- 3 |  4- 6 |  7- 9 || total
-------------------------+-------+-------+-------++-------
Melee: Unarmed           |    81 |   138 |   176 ||   395
       Constrict         |    19 |    23 |     2 ||    44
       Tentacles         |    16 |    13 |     2 ||    31
       Kick              |    11 |     4 |       ||    15
       Punch             |     1 |       |       ||     1
 Cast: Beastly Appendage |    13 |    10 |       ||    23
       Spider Form       |       |    15 |    12 ||    27
  Use: Scroll            |       |     7 |       ||     7
       Potion            |       |       |     1 ||     1
 Stab: Sleeping          |     4 |     6 |       ||    10
Armor: Skin              |    15 |     9 |    10 ||    34
Dodge: Dodged            |    58 |    72 |   121 ||   251
Block: Other             |       |    13 |    32 ||    45
       Reflection        |       |     2 |       ||     2
